 Dungeon Crawl Stone Soup version 0.26.0-5-gb5863c6483 (webtiles) character file.

Game seed: 6364690370537425629

9016 Gauvater the Fighter (level 11, -13/89 HPs)
             Began as a Formicid Fighter on Jan 10, 2021.
             Was a Believer of Zin.
             Mangled by a freezing wraith (22 damage)
             ... on level 10 of the Dungeon on Jan 11, 2021.
             The game lasted 01:10:44 (13724 turns).

Gauvater the Fighter (Formicid Fighter)            Turns: 13724, Time: 01:10:44

Health: -13/89     AC: 14    Str: 24    XL:     11   Next: 66%
Magic:  13/14      EV: 11    Int: 10    God:    Zin [**....]
Gold:   340        SH: 13    Dex: 11    Spells: 10/10 levels left

rFire    . . .     SeeInvis +   D - +2 short sword (flame)
rCold    . . .     Faith    .   c - +2 kite shield
rNeg     . . .     Spirit   .   b - +0 scale mail
rPois    ∞         Reflect  .   (helmet unavailable)
rElec    .         Harm     .   (no cloak)
rCorr    .         Rampage  .   t - +2 pair of gloves
Will     +....                  j - +2 pair of boots
Stlth    ..........             (no amulet)
HPRegen  0.24/turn              (no ring)
MPRegen  0.14/turn              (no ring)

@: mighty, vitalised
A: permanent stasis, dig shafts and tunnels, four strong arms, antennae 3
a: Dig, Shaft Self, Renounce Religion, Recite, Vitalisation, Donate Gold


You were on level 10 of the Dungeon.
You worshipped Zin.
Zin was pleased with you.
You visited 3 branches of the dungeon, and saw 12 of its levels.
You also visited: Sewer.

You collected 688 gold pieces.
You donated 348 gold pieces to Zin.

Inventory:

Hand Weapons
 a - a +3 war axe
 g - a +1 antimagic dagger
 s - a +0 shortbow
 u - a +0 war axe
 B - a +2 dagger of venom
 D - a +2 short sword of flaming (weapon)
Missiles
 i - 28 bolts
 m - 294 stones
 w - 2 boomerangs
 z - 146 arrows
 K - 30 poisoned darts (quivered)
Armour
 b - a +0 scale mail (worn)
 c - a +2 kite shield (worn)
 j - a +2 pair of boots (worn)
 t - a +2 pair of gloves (worn)
Jewellery
 p - an uncursed ring of stealth
Wands
 A - a wand of disintegration (29)
Scrolls
 e - a scroll of brand weapon
 f - 2 scrolls of enchant weapon
 h - a scroll of holy word {unknown}
 l - 2 scrolls of amnesia
 n - a scroll of silence
 v - a scroll of remove curse
 x - a scroll of fog
Potions
 d - a potion of might
 k - 3 potions of curing
 q - a potion of invisibility {unknown}
 r - 3 potions of flight


   Skills:
 * Level 9.2 Fighting
 + Level 1.1 Short Blades
 + Level 9.2 Axes
 * Level 5.5 Bows
 + Level 3.1 Throwing
 + Level 7.0 Armour
 + Level 3.0 Dodging
 + Level 8.9 Shields
 * Level 4.5 Invocations


You had 10 spell levels left.
You didn't know any spells.
Your spell library contained the following spells:

 Spells                   Type           Power        Failure   Level
 Beastly Appendage        Tmut           0%           65%         1
 Summon Small Mammal      Summ           0%           65%         1
 Call Imp                 Summ           0%           78%         2
 Wereblood                Tmut           0%           78%         2
 Call Canine Familiar     Summ           0%           95%         3
 Confusing Touch          Hex            0%           95%         3
 Gell's Gravitas          Tloc           0%           95%         3
 Spider Form              Tmut/Pois      0%           95%         3
 Summon Guardian Golem    Hex/Summ       0%           95%         3
 Ice Form                 Ice/Tmut       0%           100%        4
 Petrify                  Tmut/Erth      0%           100%        4
 Summon Ice Beast         Ice/Summ       0%           100%        4
 Summon Lightning Spire   Summ/Air       0%           100%        4
 Blade Hands              Tmut           0%           100%        5
 Metabolic Englaciation   Hex/Ice        0%           100%        5
 Yara's Violent Unravell  Hex/Tmut       0%           100%        5


Dungeon Overview and Level Annotations

Branches:
Dungeon (10/15)            Temple (1/1) D:5            Lair (1/6) D:8
  Sewer (visited)
    Orc: D:9-12

Altars:
Ashenzari
Cheibriados
Dithmenos
Elyvilon
Fedhas
Gozag
Hepliaklqana
Kikubaaqudgha
Makhleb
Nemelex Xobeh
Okawaru
Qazlal
Ru
Sif Muna
Trog
Uskayaw
Vehumet
Wu Jian
Xom
Yredelemnul
Zin
The Shining One

Shops:
D:4 :


Innate Abilities, Weirdness & Mutations

You cannot be hasted, slowed, berserked, paralysed or teleported.
You can dig through walls and to a lower floor.
Your four strong arms can wield two-handed weapons with a shield.
You have a pair of large antennae on your head. (SInv)


Message History

Here: a freezing wraith (lightly damaged)
The floor.
You feel much better.
The freezing wraith hits you but does no damage.
The freezing wraith closely misses you.
You barely miss the freezing wraith.
The freezing wraith is lightly damaged.
The freezing wraith completely misses you.
You block the freezing wraith's attack.
Okay, then.
You puncture the freezing wraith! You burn the freezing wraith.
The freezing wraith is moderately damaged.
The freezing wraith hits you. The freezing wraith freezes you!!
* * * LOW HITPOINT WARNING * * *
The freezing wraith hits you.
* * * LOW HITPOINT WARNING * * *
The freezing wraith hits you.
* * * LOW HITPOINT WARNING * * *
The freezing wraith freezes you!!
You die...

.# #.....#.##.######.......# .#
########'#.##(#.....##.......# ##
#...........#(##....#........#
#.....###.#.##(#...##.########
#.....# #.#..#.##..#........#
##.....###.#..##[#.##........#
#.......##.#...#.###.........#
#...###...#.#...##.##.........#
#..##.##....#..@.#.#.....)....#
###.#._.#.#..####W#'#..........#
..#.......#........#.............
..##.....##.....##.#.............
...##...##.......................
....#####........................
.................................
....)......................#...
..#####.......................


You could see a freezing wraith.

Vanquished Creatures
  Josephine (D:10)
  Pikel (D:8)
  An orc knight (D:10)
  A komodo dragon (Lair:1)
  A hornet (D:10)
  5 wraiths (D:9)
  10 yaks (D:10)
  A soldier ant (D:9)
  A water moccasin (Lair:1)
  2 orc warriors
  A sky beast (D:6)
  2 ice beasts
  A phantom (D:8)
  A black bear (D:10)
  5 centaurs
  5 ogres
  A lemure (D:8)
  2 big kobolds
  8 bullfrogs
  3 scorpions
  15 killer bees
  4 wights (D:7)
  A howler monkey (D:10)
  2 quasits
  A centaur zombie (D:7)
  A centaur skeleton (D:8)
  5 jellies
  A bullfrog skeleton (D:4)
  3 orc priests
  A hound (D:8)
  10 orc wizards
  3 iguanas
  9 worker ants
  A hound zombie (D:6)
  A hound skeleton (D:10)
  6 gnolls
  17 adders
  2 river rats (Sewer)
  A shadow imp (D:6)
  A white imp (D:10)
  3 ufetubi
  9 oozes
  An adder zombie (D:7)
  2 worms
  3 dart slugs
  6 leopard geckos
  33 orcs
  6 giant cockroaches
  6 hobgoblins
  5 jackals
  4 quokkas
  4 bats
  6 frilled lizards
  8 goblins
  21 kobolds
  A leopard gecko skeleton (D:4)
  A leopard gecko zombie (D:5)
  A quokka skeleton (D:6)
  11 rats
269 creatures vanquished.

Vanquished Creatures (others)
  8 fungi
  12 plants
  9 toadstools (D:2)
29 creatures vanquished.

Grand Total: 298 creatures vanquished

Notes
Turn   | Place    | Note
-------+----------+-------------------------------------------
     0 | D:1      | Gauvater the Formicid Fighter began the quest for the Orb.
     0 | D:1      | Reached XP level 1. HP: 18/18 MP: 1/1
   272 | D:1      | Reached XP level 2. HP: 24/25 MP: 2/2
   595 | D:1      | Reached XP level 3. HP: 30/30 MP: 3/3
  1299 | D:2      | Reached XP level 4. HP: 37/37 MP: 4/4
  1571 | D:2      | Reached XP level 5. HP: 25/43 MP: 5/5
  2029 | D:2      | Found a shimmering blue altar of Sif Muna.
  2177 | D:3      | Reached XP level 6. HP: 42/50 MP: 6/6
  3136 | D:4      | Found a basalt altar of Yredelemnul.
  3137 | D:4      | Found a sacrificial altar of Ru.
  3137 | D:4      | Found an ornate altar of the Wu Jian Council.
  3138 | D:4      | Found a burning altar of Makhleb.
  3138 | D:4      | Found a blossoming altar of Fedhas.
  3139 | D:4      | Found a broken altar of Ashenzari.
  3141 | D:4      | Reached skill level 5 in Fighting
  3141 | D:4      | Reached skill level 1 in Dodging
  3254 | D:4      | Found a shimmering altar of Xom.
  3336 | D:4      | Found a glowing drain.
  3345 | Sewer    | Entered a sewer
  3443 | Sewer    | Reached XP level 7. HP: 56/56 MP: 7/7
  3457 | Sewer    | Found a white marble altar of Elyvilon.
  3621 | D:4      | Found Zemirano's Book Boutique.
  4448 | D:5      | Entered Level 5 of the Dungeon
  4477 | D:5      | Found a staircase to the Ecumenical Temple.
  4481 | Temple   | Entered the Ecumenical Temple
  5293 | D:6      | Reached skill level 5 in Axes
  5293 | D:6      | Reached skill level 5 in Armour
  5293 | D:6      | Reached skill level 5 in Shields
  5548 | D:6      | Reached XP level 8. HP: 42/64 MP: 8/8
  5839 | D:6      | Reached skill level 1 in Bows
  6408 | D:7      | Reached XP level 9. HP: 71/71 MP: 9/9
  7925 | D:8      | Found a staircase to the Lair.
  7947 | D:8      | Reached skill level 1 in Throwing
  8020 | D:8      | Found a blossoming altar of Fedhas.
  8255 | D:8      | Noticed Pikel
  8278 | D:8      | Killed Pikel
  8279 | D:8      | Reached XP level 10. HP: 26/79 MP: 10/10
  9222 | Lair:1   | Entered Level 1 of the Lair of Beasts
  9222 | Lair:1   | Noticed a komodo dragon
  9241 | Lair:1   | Killed a komodo dragon
  9506 | D:9      | Found a bloodstained altar of Trog.
 10205 | D:9      | Found a glowing silver altar of Zin.
 10205 | D:9      | Found an opulent altar of Gozag.
 10210 | D:9      | Became a worshipper of Zin the Law-Giver
 10210 | D:9      | Reached * piety under Zin
 10210 | D:9      | Reached ** piety under Zin
 10219 | D:9      | Donated 280 gold pieces to Zin
 10306 | D:9      | Found a sparkling altar of Nemelex Xobeh.
 10614 | D:10     | Entered Level 10 of the Dungeon
 10633 | D:10     | Reached skill level 5 in Bows
 11056 | D:10     | Reached skill level 1 in Invocations
 11566 | D:10     | Noticed Josephine
 11580 | D:9      | Reached XP level 11. HP: 73/87 MP: 11/13
 12491 | D:10     | Found a shadowy altar of Dithmenos.
 12931 | D:10     | Killed Josephine
 12932 | D:10     | Reached skill level 1 in Short Blades
 13569 | D:10     | Noticed an orc knight
 13612 | D:10     | Killed an orc knight
 13724 | D:10     | Mangled by a freezing wraith

Illustrated notes

Levels and vault maps discovered:
D:1:      dpeg_arrival_circle_labyrinth_c, layout_loops_ring, chequers_avenue,
          lexackson_kobold_supper
D:2:      cheibrodos_fertilizer, layout_rooms, nicolae_overflow_hidden_temple,
          minmay_quantized
D:3:      layout_basic, patterned_corridor
D:4:      layout_basic, nicolae_overflow_crystal_walls,
          grunt_temple_overflow_open, cheibrodos_sewer_entry_bend, serial_shops,
          nicolae_shop_competitors_out_of_business
D:5:      layout_rooms, minmay_temple_entry_trees
D:6:      layout_rooms
D:7:      layout_loops_ring, kennysheep_generic_room_12
D:8:      layout_basic, dpeg_oklobed_lair, kennysheep_doodads,
          fedhas_bush_and_centaur_altar, uniq_pikel
D:9:      layout_cave_pods, grunt_temple_overflow_gold_and_silver,
          old_standard_altar, overflow_temple_1_default,
          chequers_serial_rivers_marsh
D:10:     minmay_the_grid_four_pointed_star
          [minmay_the_grid_triangle_9x9_minimal,
          minmay_the_grid_triangle_9x9_empty,
          minmay_the_grid_triangle_9x9_cache,
          minmay_the_grid_triangle_9x9_stretched_checkered,
          minmay_the_grid_prize_inner_circle], layout_stronghold,
          nicolae_dithmenos_through_a_glass_darkly, uniq_josephine
Temple:   jpeg_temple_alley_garden
Lair:1:   layout_chaotic_city

Skill      XL: |  1  2  3  4  5  6  7  8  9 10 11 |
---------------+----------------------------------+-----
Fighting       | 4 5 6 7 8 9 |  9.2
Axes           | 3 4 5 6 7 8 9 |  9.2
Armour         | 4 5 6 7 |  7.0
Shields        | 4 5 6 7 8 |  8.9
Dodging        | 1 2 3 |  3.0
Bows           | 3 4 5 |  5.5
Throwing       | 1 3 |  3.1
Invocations    | 3 4 |  4.5
Short Blades   | 1 |  1.1

Action                   |  1- 3 |  4- 6 |  7- 9 | 10-12 || total
-------------------------+-------+-------+-------+-------++-------
Melee: War axe           |    76 |   217 |   305 |   369 ||   967
       Dagger            |       |       |       |    64 ||    64
       Short sword       |       |       |       |    44 ||    44
 Fire: Shortbow          |       |       |    68 |    40 ||   108
Throw: Stone             |    14 |       |    25 |       ||    39
       Dart              |       |       |       |    16 ||    16
Invok: Recite            |       |       |       |     4 ||     4
       Donate Gold       |       |       |       |     1 ||     1
       Vitalisation      |       |       |       |     2 ||     2
 Abil: Dig               |       |       |     2 |     1 ||     3
Evoke: Wand              |       |       |       |     1 ||     1
  Use: Scroll            |     6 |     4 |    11 |     5 ||    26
       Potion            |       |     1 |     2 |    10 ||    13
Armor: Scale mail        |    37 |   113 |   122 |   160 ||   432
Dodge: Dodged            |    29 |    81 |   114 |   206 ||   430
Block: Kite shield       |    45 |   146 |   216 |   378 ||   785
